 Dungeon Crawl Stone Soup version 0.29.0-13-gc9e81de378 (webtiles) character file.

Game seed: 18364042612033435870

428799 freelancePsychic the Crack Shot (level 24, -32/181 HPs)
             Began as a Djinni Hunter on Sept 10, 2022.
             Was a High Priest of Okawaru.
             Annihilated by Grunn
             ... wielding a +7 glaive of draining
              (55 damage)
             ... in the Arena.
             The game lasted 01:37:39 (42012 turns).

freelancePsychic the Crack Shot (Djinni Hunter)    Turns: 42012, Time: 01:37:40

Health: -32/181    AC: 21    Str: 14    XL:     24   Next: 65%
Gold:   2342       EV: 43    Int: 14    God:    Okawaru [*****.] SH:  5 Dex: 40

rFire   + + +      SeeInvis +   b - +9 heavy crossbow "Sniper" {vorpal, Acc+∞ SInv}
rCold   + . .      Faith    .   (shield currently unavailable)
rNeg    + . .      Spirit   .   T - +4 ring mail of Greater Demons {Str+3 Int+2 Dex+4}
rPois   ∞          Reflect  +   I - +2 helmet
rElec   +          Harm     .   F - +2 cloak of Greed {rElec Will+ Str+3}
rCorr   +          Rampage  .   D - +1 pair of gloves "Zywk" {Dex+2}
Will    +++++      NoTele   +   (boots unavailable)
Stlth   +++++++...              p - amulet of Asmeodgh {Reflect -Tele rF+ rC+ Will++ SH+5}
HPRegen 0.40/turn               Y - ring "Gubleat" {rC+ rN+ Will+ Int+2}
MPRegen 0.00/turn               z - ring of the Pharaoh's Fist {rCorr Dex+6 Slay+2}

@: heroic, finesse-ful, doom-hounded, flying, studying 2 skills, duelling
A: sickness immunity, fire resistance 2, cold vulnerability 1, float, innate
caster, HP casting, extra vitality 1, dopey 1, weak 1
}: 3/15 runes: barnacled, slimy, gossamer
a: Renounce Religion, Heroism, Finesse, Duel


You were in the Arena.
You worshipped Okawaru.
Okawaru was extremely pleased with you.
You visited 8 branches of the dungeon, and saw 43 of its levels.
You also visited: Trove and Gauntlet.

You collected 4218 gold pieces.
You spent 1876 gold pieces at shops.

Inventory:

Hand Weapons
 a - a +4 triple crossbow of freezing
 b - the +9 heavy crossbow "Sniper" (weapon) {vorpal, Acc+∞ SInv}
   (Okawaru gifted it to you on level 4 of the Spider Nest)

   Any ammunition fired from it inflicts extra damage upon your enemies.
   Any ammunition fired from it never misses its target.
   SInv:      It lets you see invisible.
 W - a +5 hand crossbow of freezing
Missiles
 l - 8 throwing nets
Armour
 D - the +1 pair of gloves "Zywk" (worn) {Dex+2}
   (You acquired it on level 10 of the Dungeon)

   Dex:       It affects your dexterity (+2).
 F - the +2 cloak of Greed (worn) {rElec Will+ Str+3}
   (You found it in a Gauntlet)

   Str:       It affects your strength (+3).
   rElec:     It insulates you from electricity.
   Will:      It increases your willpower.
 I - a +2 helmet (worn)
 T - the +4 ring mail of Greater Demons (worn) {Str+3 Int+2 Dex+4}
   (You found it on level 13 of the Dungeon)

   Str:       It affects your strength (+3).
   Int:       It affects your intelligence (+2).
   Dex:       It affects your dexterity (+4).
Jewellery
 o - the amulet of Xukletsout {Reflect *Slow Fly rPois SH+5}
   (You found it in a treasure trove)

   [amulet of reflection]

   It reflects blocked missile attacks.
   rPois:     It protects you from poison.
   Fly:       It grants you flight.
   *Slow:     It may slow you when you take damage.
   SH:        It affects your SH (+5).
 p - the amulet of Asmeodgh (around neck) {Reflect -Tele rF+ rC+ Will++ SH+5}
   (You found it in a treasure trove)

   [amulet of reflection]

   It reflects blocked missile attacks.
   rF:        It protects you from fire.
   rC:        It protects you from cold.
   -Tele:     It prevents most forms of teleportation.
   SH:        It affects your SH (+5).
   Will:      It greatly increases your willpower.
 t - an amulet of faith
 y - an amulet of regeneration
 z - the ring of the Pharaoh's Fist (right hand) {rCorr Dex+6 Slay+2}
   (You found it in a Gauntlet)

   [ring of dexterity]

   Dex:       It affects your dexterity (+6).
   Slay:      It affects your accuracy & damage with ranged weapons and melee
   (+2).
   rCorr:     It protects you from acid and corrosion.
 E - a +4 ring of protection
 L - a ring of ice
 P - a +6 ring of dexterity
 Y - the ring "Gubleat" (left hand) {rC+ rN+ Will+ Int+2}
   (You found it on level 5 of the Pits of Slime)

   [ring of willpower]

   Int:       It affects your intelligence (+2).
   rC:        It protects you from cold.
   rN:        It protects you from negative energy.
   Will:      It increases your willpower.
Wands
 c - a wand of flame (9)
 d - a wand of paralysis (42)
 i - a wand of polymorph (30)
 w - a wand of digging (10)
 x - a wand of mindburst (30)
 C - a wand of roots (12)
 K - a wand of quicksilver (18)
Scrolls
 e - 4 scrolls of blinking
 f - a scroll of fear
 m - a scroll of brand weapon
 n - 16 scrolls of identify {@r1}
 u - 11 scrolls of fog
 B - 3 scrolls of magic mapping
 J - 8 scrolls of enchant armour
 N - 3 scrolls of poison
 V - a scroll of immolation
 X - 2 scrolls of silence
 Z - 2 scrolls of teleportation {@r4}
Potions
 g - 9 potions of brilliance
 h - 6 potions of flight
 j - 14 potions of might
 k - 3 potions of invisibility
 q - 5 potions of cancellation
 r - 7 potions of degeneration
 s - 8 potions of lignification
 v - 4 potions of attraction
 M - 10 potions of curing {@q1}
 O - 5 potions of ambrosia
 R - 5 potions of mutation
 S - 6 potions of haste {@q3}
 U - 3 potions of resistance
Miscellaneous
 G - a condenser vane (inert)
 H - a phial of floods


   Skills:
 + Level 18.1(23.1) Fighting
 - Level 22.0(27) Ranged Weapons
 - Level 8.0(13.0) Armour
 * Level 19.1(24.1) Dodging
 - Level 10.0(15.0) Stealth
 - Level 9.9(14.9) Shields
 + Level 8.5 Invocations
 - Level 5.6 Evocations


You couldn't memorise any spells.
You knew the following spells:

 Your Spells              Type           Power      Damage    Failure   Level
a - Sandblast             Erth           0%         2d4       43%         1
b - Ensorcelled Hibernat  Hex/Ice        0%         N/A       58%         2
c - Spider Form           Tmut/Pois      0%         N/A       82%         3
d - Monstrous Menagerie   Summ           0%         N/A       100%        7
e - Silence               Hex/Air        0%         N/A       100%        5
f - Lightning Bolt        Conj/Air       0%         1d11      100%        5
g - Conjure Ball Lightni  Conj/Air       0%         3x3d6     100%        6
h - Dragon Form           Tmut           0%         N/A       100%        7
i - Maxwell's Capacitive  Air            0%         ∞         100%        8
j - Orb of Destruction    Conj           0%         9d5       100%        7
p - Conjure Flame         Conj/Fire      0%         6-21      82%         3
Your spell library was empty.

Dungeon Overview and Level Annotations

Branches:
Dungeon (15/15)            Temple (0/1) D:7            Lair (5/5) D:9
 Shoals (4/4) Lair:2       Spider (4/4) Lair:3        Slime (5/5) Lair:5
    Orc (2/2) D:10            Elf (0/3) Orc:2        Vaults (4/5) D:13
  Crypt (0/3) Vaults:3     Depths (4/4) D:15        Gauntlet (visited)
    Zot: Depths:4

Altars:
Dithmenos
Elyvilon
Gozag
Hepliaklqana
Nemelex Xobeh
Okawaru
Qazlal
Trog
Wu Jian
Xom
Yredelemnul
Zin
The Shining One
Lugonu

Shops:
D:1 [!:*   D:5 *   D:13 (   D:14 [   Orc:2 *:*(   Vaults:2 =   Vaults:3 *
Depths:2 :==

Portals:
Abyss: Lair:5 Depths:2
Pandemonium: Orc:2

Annotations:
D:5 2 runed translucent doors, baller8008's ghost, novice PaFi
D:7 4 runed translucent doors
D:10 2 runed translucent doors, gebbletook2's ghost, journeyman VSFi
Lair:2 Urug
Lair:4 3 runed translucent doors, Lutiheq's ghost, journeyman DrTm
Vaults:3 3 runed translucent doors, astronautguy's ghost, master FoEE
Depths:2 Vv Arena Grunn


Innate Abilities, Weirdness & Mutations

You are immune to sickness and miasma.
You are immune to poison.
Your flesh is very heat resistant. (rF++)
You are vulnerable to cold. (rC-)
You float through the air rather than walking.
You learn spells naturally, not from books.
Your magical power is your life essence.
You have superior vitality. (+4 MHP)
You are dopey. (Int -2)
You are weak. (Str -2)


Message History

The doom hound completely misses you. The doom hound misses you.
Grunn hits you from afar with a +7 glaive of draining!
* * * LOW HITPOINT WARNING * * *
The necromancer is engulfed in noxious fumes.
The necromancer mumbles some strange words.
The necromancer binds the souls of nearby monsters.
The putrid mouth closely misses you. The putrid mouth completely misses you.
You feel much better.
The doom hound is engulfed in noxious fumes.
The doom hound completely misses you. x2
The doom hound is engulfed in noxious fumes.
The doom hound bites you!!
* * * LOW HITPOINT WARNING * * *
The doom hound completely misses you. You block Grunn's attack.
The necromancer is engulfed in noxious fumes.
The necromancer appears confused.
The necromancer hits the doom hound with a +0 dagger.
The necromancer hits itself with a +0 dagger.
The putrid mouth closely misses you. The putrid mouth completely misses you.
Aiming: Duel (26% risk of failure)
Press: ? - help, Dir - move target, f/p - Grunn
Aim: Grunn, wielding a +7 glaive of draining and wearing a +1 animal skin (noxious fumes)
You enter into single combat with Grunn!
The world spins around you as you enter the gateway.
You enter Okawaru's Arena!
The spectator shouts! x8
Found a gate leading back out of this place.
A Tzitzimitl comes into view.
There is an empty arch of ancient stone here.
Okay, then.
Fire: b) +9 heavy crossbow "Sniper" {vorpal, Acc+∞ SInv}
Press: ? - help, Shift-Dir - straight line, f - Grunn
Aim: Grunn, wielding a +7 glaive of draining and wearing a +1 animal skin (100% to hit)
You shoot a bolt. The spectator shouts! x5
The bolt hits Grunn.
Grunn is lightly damaged.
Grunn hits you with a +7 glaive of draining!!!
You die...
Okawaru crowns Grunn victorious!

###########
#p.p.p.p.p#
#.▓▓▓▓▓▓▓.#
#p▓.....▓p#
#.▓.....▓.#
#p▓..@..▓p#
#.▓...g.▓.#
#p▓..1..▓p#
#.▓▓▓▓▓▓▓.#
#p.p▓∩▓p.p#
###########


You could see Grunn and a Tzitzimitl.

Vanquished Creatures
  the Royal Jelly (Slime:5)
  Nikola (Spider:1)
  Jorgrun (D:13)
  Polyphemus (Shoals:3)
  17 acid blobs
  An eldritch tentacle (Slime:4)
  4 tengu reavers
  Kirke (Spider:4)
  Roxanne (Spider:1)
  15 rockslimes
  7 azure jellies
  A revenant (Vaults:3)
  2 fire giants
  Ilsuiw (Shoals:2)
  2 frost giants
  3 emperor scorpions
  Aizul (Shoals:3)
  An orc warlord (Vaults:3)
  3 ghost moths (Spider:4)
  16 vault wardens
  Louise (Spider:2)
  A spriggan defender (Depths:4)
  6 very ugly things
  5 quicksilver oozes
  A war gargoyle (Vaults:4)
  11 ironbound thunderhulks
  13 ironbound preservers
  6 stone giants
  3 broodmothers
  Azrael (Spider:1)
  7 spark wasps
  5 dire elephants (Vaults:4)
  A minotaur (Gauntlet)
  6 entropy weavers
  3 ettins
  A deep elf death mage (Vaults:4)
  4 merfolk javelineers
  2 crystal guardians (Vaults:2)
  13 merfolk impalers
  7 yaktaur captains
  2 fire dragons
  10 great orbs of eyes
  12 vault guards
  Fannar (Orc:1)
  9 boulder beetles
  12 hydras
  A peacekeeper (Vaults:2)
  5 radroaches
  An ice dragon (Depths:3)
  3 catoblepae
  An ogre mage (D:15)
  2 alligator snapping turtles (Shoals:4)
  Harold (Orc:1)
  7 merfolk avatars
  A demonspawn (Orc:2)
  14 two-headed ogres
  4 merfolk aquamancers
  11 centaur warriors
  6 satyrs
  2 spriggan air magi (Depths:4)
  6 tengu warriors
  8 ironbound frosthearts
  2 dancing weapons (D:13)
  2 deep troll earth magi (Depths:2)
  5 deep troll shamans
  3 death yaks
  2 thrashing horrors (Lair:5)
  A death scarab (Spider:4)
  Nergalle (Orc:1)
  8 orc high priests (Orc:2)
  A soul eater (Orc:2)
  3 sun demons
  8 pharaoh ants
  2 sun moths
  10 steelbarb worms
  5 skeletal warriors (D:15)
  A death drake (Gauntlet)
  An iron troll (Depths:2)
  Amaemon (D:8)
  5 glowing orange brains
  28 deep trolls
  A flayed ghost (Depths:4)
  13 sea snakes
  7 wizards
  8 orb spiders
  14 ironbound convokers
  2 necromancers
  19 harpies
  8 lindwurms
  3 deep elf pyromancers
  14 orc knights
  9 orc sorcerers
  31 ugly things
  A tengu skeleton (Vaults:2)
  4 oklob plants (Lair:5)
  21 fauns
  6 shining eyes
  7 cyclopes
  30 wolf spiders
  10 manticores
  A fire giant zombie (Vaults:2)
  A salamander (Depths:4)
  Maurice (D:13)
  3 moths of wrath
  2 spectral centaurs (Gauntlet)
  9 elephants
  2 large abominations (Lair:5)
  An ice statue (D:15)
  12 vault sentinels
  9 merfolk sirens
  6 water nymphs
  8 torpor snails
  2 black mambas
  8 cane toads
  A gargoyle (D:11)
  3 freezing wraiths
  An eye of devastation (Slime:5)
  Maggie (D:8)
  8 demonic crawlers
  A yaktaur (shapeshifter) (D:13)
  3 kobold demonologists
  An orange demon (D:8)
  A minotaur zombie (Gauntlet)
  8 tengu conjurers
  An unseen horror (D:12)
  3 rime drakes
  6 komodo dragons
  2 tormentors (Depths:3)
  An efreet (Gauntlet)
  20 yaktaurs
  3 ancient zymes (Lair:5)
  3 meliai (D:14)
  A polar bear (shapeshifter) (Depths:4)
  A red devil (Orc:2)
  A tengu simulacrum (Vaults:2)
  3 hornets
  8 wind drakes
  29 merfolk
  Prince Ribbit (D:8)
  8 trolls
  A slime creature (shapeshifter) (Lair:5)
  2 polar bears
  A spectral meliai (Gauntlet)
  18 tarantellas
  67 slime creatures
  18 dream sheep
  24 blink frogs
  7 snapping turtles
  20 jumping spiders
  25 culicivoras
  6 wyverns
  40 yaks
  2 spriggans
  4 fire elementals
  A shadow (D:12)
  3 wraiths
  3 ynoxinuls (Lair:5)
  3 water elementals
  5 basilisks
  7 hogs (Spider:4)
  48 redbacks
  6 small abominations (Lair:5)
  A redback (shapeshifter) (D:15)
  3 chaos spawn (Lair:5)
  4 golden eyes (Slime:5)
  3 vampire mosquitoes (D:15)
  16 wargs
  Menkaure (D:6)
  A steam dragon (D:9)
  13 water moccasins
  2 acid dragons
  6 hell hounds
  A floating eye (shapeshifter) (Depths:1)
  A floating eye (Gauntlet)
  31 orc warriors
  An ice beast (D:4)
  3 sky beasts
  5 black bears
  8 ogres
  7 wolves
  17 centaurs
  A phantom (D:3)
  2 kobold brigands (D:10)
  14 bullfrogs
  A glowing shapeshifter simulacrum (Vaults:2)
  3 scorpions
  A human skeleton (Vaults:2)
  A gnoll sergeant (D:7)
  11 wights
  4 killer bees
  2 howler monkeys
  5 electric eels
  6 hounds
  2 jellies
  38 orc priests
  Ijyb (D:5)
  23 orc wizards
  7 hell rats (Lair:2)
  5 iguanas
  5 gnolls
  11 adders
  A shadow imp (D:7)
  A white imp (D:5)
  An ufetubus (D:4)
  3 worms
  2 dart slugs
  83 orcs
  10 endoplasms
  3 giant cockroaches
  13 goblins
  9 hobgoblins
  18 kobolds
  2 quokkas
  2 ball pythons
  4 bats
  4 frilled lizards
  2 rats (D:1)
1513 creatures vanquished.

Vanquished Creatures (others)
  A yak (Lair:2)
  18 fungi
  85 plants
104 creatures vanquished.

Grand Total: 1617 creatures vanquished

Notes
Turn   | Place    | Note
-------+----------+-------------------------------------------
     0 | D:1      | freelancePsychic the Djinni Hunter began the quest for the
                  | Orb.
     0 | D:1      | Reached XP level 1. HP: 18/18 MP: 0/0
    30 | D:1      | Found Zaskesel's Armour Emporium.
    69 | D:1      | Reached XP level 2. HP: 23/23 MP: 0/0
   130 | D:1      | Found Qokydif's Assorted Antiques.
   139 | D:1      | Bought a scroll labelled EMIPPE WU ZAR for 20 gold pieces
   182 | D:1      | Found Juyff's Book Boutique.
   196 | D:1      | Reached skill level 1 in Stealth
   244 | D:1      | Reached XP level 3. HP: 29/29 MP: 0/0
   244 | D:1      | Learned a level 1 spell: Sandblast
   335 | D:1      | Found a faded altar of an unknown god.
   362 | D:1      | Found Foaxtiocw's Distillery.
   586 | D:1      | Bought a scroll labelled OHUUSY UDAYLAFAICW for 20 gold
                  | pieces
   586 | D:1      | Bought a scroll labelled EZUIGY YZEU for 20 gold pieces
  1495 | D:3      | Reached skill level 4 in Ranged Weapons
  1495 | D:3      | Reached XP level 4. HP: 34/34 MP: 0/0
  1520 | D:3      | HP: 1/34 [gnoll/+0 flail (7)]
  1986 | D:3      | Reached XP level 5. HP: 40/40 MP: 0/0
  1986 | D:3      | Learned a level 2 spell: Ensorcelled Hibernation
  2220 | D:3      | Noticed a phantom
  2222 | D:3      | Killed a phantom
  2223 | D:3      | Reached XP level 6. HP: 46/46 MP: 0/0
  2351 | D:4      | Reached skill level 5 in Ranged Weapons
  2399 | D:4      | Noticed an ogre
  2408 | D:4      | Found a stormy altar of Qazlal.
  2506 | D:4      | Found a bloodstained altar of Trog.
  2595 | D:4      | Found an iron altar of Okawaru.
  2603 | D:4      | Became a worshipper of Warmaster Okawaru
  2677 | D:4      | Found a shimmering altar of Xom.
  2728 | D:4      | Killed an ogre
  2773 | D:4      | Reached skill level 1 in Invocations
  2778 | D:4      | Reached XP level 7. HP: 52/52 MP: 0/0
  2778 | D:4      | Learned a level 3 spell: Spider Form
  2886 | D:4      | Reached * piety under Okawaru
  3153 | D:5      | Entered Level 5 of the Dungeon
  3153 | D:5      | Noticed Ijyb
  3153 | D:5      | Found a sparkling altar of Nemelex Xobeh.
  3232 | D:5      | Noticed a water moccasin
  3396 | D:3      | Reached skill level 6 in Ranged Weapons
  3580 | D:4      | Killed a water moccasin
  3581 | D:4      | Reached XP level 8. HP: 22/58 MP: 0/0
  3823 | D:5      | Found a hazy altar of Hepliaklqana.
  3842 | D:5      | Reached ** piety under Okawaru
  4141 | D:5      | Found a large runed translucent door.
  4141 | D:5      | Found a large runed translucent door.
  4178 | D:5      | Noticed baller8008's ghost (novice PaFi)
  4194 | D:5      | Paralysed by Ijyb for 4 turns
  4203 | D:5      | Killed Ijyb
  4204 | D:5      | Reached skill level 5 in Fighting
  4323 | D:5      | Noticed a shadow
  4324 | D:5      | Found a shadowy altar of Dithmenos.
  4364 | D:5      | Found Zin's Purification Station.
  4372 | D:5      | Found a glowing silver altar of Zin.
  4521 | D:1      | Bought a scroll labelled UMPAENTYUMO for 20 gold pieces
  4521 | D:1      | Bought a scroll of blinking for 150 gold pieces
  5341 | D:6      | Reached skill level 7 in Ranged Weapons
  5406 | D:6      | Noticed Menkaure
  6019 | D:6      | Reached XP level 9. HP: 35/66 MP: 0/0
  6019 | D:6      | Learned a level 3 spell: Conjure Flame
  6290 | D:6      | You are sucked into a shaft and drop 2 floors!
  6469 | D:8      | Noticed Maggie
  6898 | D:8      | Reached skill level 8 in Ranged Weapons
  6908 | D:8      | Reached *** piety under Okawaru
  6957 | D:8      | Killed Maggie
  6957 | D:8      | Received a gift from Okawaru
  7035 | D:8      | Noticed Prince Ribbit
  7046 | D:8      | Killed Prince Ribbit
  7047 | D:8      | Reached skill level 5 in Dodging
  7270 | D:8      | Reached XP level 10. HP: 47/73 MP: 0/0
  7815 | D:8      | Noticed Amaemon
  7824 | D:8      | Noticed an orange demon
  7834 | D:8      | Killed Amaemon
  7835 | D:8      | Reached skill level 9 in Ranged Weapons
  7844 | D:8      | Killed an orange demon
  8020 | D:8      | Found a glowing golden altar of the Shining One.
  8073 | D:7      | Found an ornate altar of the Wu Jian Council.
  8302 | D:7      | Found a large runed translucent door.
  8303 | D:7      | Found a large runed translucent door.
  8316 | D:7      | Found a large runed translucent door.
  8316 | D:7      | Found a large runed translucent door.
  8903 | D:7      | Reached **** piety under Okawaru
  9120 | D:7      | Found a white marble altar of Elyvilon.
  9176 | D:7      | Found a staircase to the Ecumenical Temple.
  9601 | D:7      | Reached skill level 5 in Invocations
  9722 | D:7      | Identified the +1 robe "Edatt" {Harm Regen+}
  9930 | D:7      | Reached skill level 10 in Ranged Weapons
 10430 | D:6      | Killed Menkaure
 10855 | D:9      | Reached XP level 11. HP: 81/81 MP: 0/0
 10855 | D:9      | Learned a level 5 spell: Silence
 11443 | D:9      | Found a staircase to the Lair.
 11877 | D:10     | Entered Level 10 of the Dungeon
 11881 | D:10     | Identified a scroll of acquirement
 11882 | D:10     | Acquired the +1 pair of gloves "Zywk" {Dex+2}
 11971 | D:10     | Reached ***** piety under Okawaru
 12413 | D:10     | Noticed a two-headed ogre
 12423 | D:10     | Killed a two-headed ogre
 12424 | D:10     | Reached skill level 11 in Ranged Weapons
 12454 | D:10     | Noticed a soul eater
 12593 | D:9      | Noticed a soul eater
 12638 | D:10     | Found a staircase to the Orcish Mines.
 12904 | D:10     | Found a runed translucent door.
 12905 | D:10     | Noticed a five-headed hydra
 12905 | D:10     | Noticed a tengu warrior
 12906 | D:10     | Noticed a lich
 12907 | D:10     | Noticed a skeletal warrior
 12908 | D:10     | Noticed gebbletook2's ghost (journeyman VSFi)
 12909 | D:10     | Noticed a necromancer
 12913 | D:10     | Found a runed translucent door.
 13678 | D:11     | Noticed a two-headed ogre
 13687 | D:11     | Killed a two-headed ogre
 13687 | D:11     | Identified the +4 buckler of Xithruc {+Blink rPois rC-
                  | Will-} (Okawaru gifted it to you on level 11 of the
                  | Dungeon)
 13687 | D:11     | Received a gift from Okawaru
 13705 | D:11     | Reached XP level 12. HP: 83/90 MP: 0/0
 14007 | D:11     | Noticed a two-headed ogre
 14245 | D:11     | Killed a two-headed ogre
 14283 | Lair:1   | Entered Level 1 of the Lair of Beasts
 14283 | Lair:1   | Noticed a six-headed hydra
 14324 | Lair:1   | Reached skill level 12 in Ranged Weapons
 14344 | Lair:1   | Killed a six-headed hydra
 14345 | Lair:1   | Reached skill level 10 in Fighting
 15270 | Lair:2   | Received a gift from Okawaru
 15548 | D:1      | Bought a +0 helmet for 45 gold pieces
 15874 | Lair:2   | Noticed a catoblepas
 15904 | Lair:2   | Killed a catoblepas
 15905 | Lair:2   | Reached skill level 13 in Ranged Weapons
 15905 | Lair:2   | Reached XP level 13. HP: 59/98 MP: 0/0
 15905 | Lair:2   | Learned a level 5 spell: Lightning Bolt
 16276 | Lair:2   | Identified the +6 trident of the Fray {vorpal, Str+2}
 16444 | Lair:2   | Received a gift from Okawaru
 16463 | Lair:2   | Found a staircase to the Shoals.
 16634 | Lair:2   | Noticed Urug
 17282 | Lair:3   | Found a hole to the Spider Nest.
 17798 | Lair:4   | Reached skill level 14 in Ranged Weapons
 17798 | Lair:4   | Reached XP level 14. HP: 107/107 MP: 0/0
 17822 | Lair:4   | Noticed Lutiheq's ghost (journeyman DrTm)
 17838 | Lair:4   | Found a runed translucent gate.
 17838 | Lair:4   | Found a runed translucent gate.
 17838 | Lair:4   | Found a runed translucent gate.
 17858 | Lair:4   | Found a gate leading to a gauntlet.
 17870 | Lair:4   | Received a gift from Okawaru
 17885 | Gauntlet | Entered a Gauntlet
 17885 | Gauntlet | Found a large runed translucent door.
 17885 | Gauntlet | Found a large runed translucent door.
 17885 | Gauntlet | Found a large runed translucent door.
 17885 | Gauntlet | Found a large runed translucent door.
 17885 | Gauntlet | Found a large runed translucent door.
 17885 | Gauntlet | Found a large runed translucent door.
 17885 | Gauntlet | Found a runed translucent door.
 17885 | Gauntlet | Found a transporter.
 17885 | Gauntlet | Found a transporter.
 17885 | Gauntlet | Found a runed translucent door.
 17885 | Gauntlet | Found a large runed translucent door.
 17885 | Gauntlet | Found a large runed translucent door.
 17885 | Gauntlet | Found a large runed translucent door.
 17885 | Gauntlet | Found a large runed translucent door.
 17885 | Gauntlet | Found a large runed translucent door.
 17885 | Gauntlet | Found a large runed translucent door.
 17928 | Gauntlet | Found a transporter.
 17928 | Gauntlet | Found a transporter.
 17938 | Gauntlet | Found a transporter.
 17957 | Gauntlet | Found a transporter.
 17963 | Gauntlet | Noticed a quicksilver ooze
 17967 | Gauntlet | Found a transporter.
 17967 | Gauntlet | Found a transporter.
 17974 | Gauntlet | Found a transporter.
 18003 | Gauntlet | Found a transporter.
 18010 | Gauntlet | Found a transporter.
 18023 | Gauntlet | Found a large runed translucent door.
 18024 | Gauntlet | Found a large runed translucent door.
 18026 | Gauntlet | Found a runed translucent gate.
 18027 | Gauntlet | Found a runed translucent gate.
 18028 | Gauntlet | Found a transporter.
 18028 | Gauntlet | Found a runed translucent gate.
 18046 | Gauntlet | Found a large runed translucent door.
 18047 | Gauntlet | Found a large runed translucent door.
 18074 | Gauntlet | Found a transporter.
 18092 | Gauntlet | Found a transporter.
 18191 | Gauntlet | Found a transporter.
 18205 | Gauntlet | Found a transporter.
 18302 | Gauntlet | Gained mutation: You are dopey. (Int -2) [a shining eye]
 18342 | Gauntlet | Reached ****** piety under Okawaru
 18342 | Gauntlet | Received a gift from Okawaru
 18359 | Gauntlet | Identified the ring of the Pharaoh's Fist {rCorr Dex+6
                  | Slay+2}
 18410 | Gauntlet | Identified the +2 cloak of Greed {rElec Will+ Str+3}
 18447 | Gauntlet | Noticed a minotaur
 18451 | Gauntlet | Killed a minotaur
 18711 | Lair:4   | Reached skill level 15 in Ranged Weapons
 18864 | Lair:4   | Reached XP level 15. HP: 113/113 MP: 0/0
 18864 | Lair:4   | Learned a level 6 spell: Conjure Ball Lightning
 19040 | Lair:5   | Entered Level 5 of the Lair of Beasts
 19336 | Lair:5   | Found a staircase to the Slime Pits.
 19496 | Lair:5   | Found an opulent altar of Gozag.
 19582 | Lair:5   | Reached skill level 10 in Dodging
 20052 | Lair:5   | Received a gift from Okawaru
 20090 | Lair:5   | Identified the +11 shortbow of the Witching Genius {vorpal,
                  | Int+2 Dex+2}
 20146 | Lair:5   | Reached skill level 16 in Ranged Weapons
 20207 | Lair:5   | Found a corrupted altar of Lugonu.
 20207 | Lair:5   | Found a one-way gate to the infinite horrors of the Abyss.
 20565 | Orc:1    | Entered Level 1 of the Orcish Mines
 20625 | Orc:1    | Noticed Fannar
 20632 | Orc:1    | Killed Fannar
 20644 | Orc:1    | Noticed Nergalle
 20647 | Orc:1    | Killed Nergalle
 20877 | Orc:1    | Noticed Harold
 20901 | Orc:1    | Killed Harold
 21086 | Orc:2    | Entered Level 2 of the Orcish Mines
 21086 | Orc:2    | Found a staircase to the Elven Halls.
 21394 | Orc:2    | Reached XP level 16. HP: 122/122 MP: 0/0
 21403 | Orc:2    | Found Doyryj's General Store.
 21428 | Orc:2    | Found Siw Ickun's General Store.
 21455 | Orc:2    | Bought 2 scrolls of fear for 112 gold pieces
 21455 | Orc:2    | Bought a scroll of teleportation for 42 gold pieces
 21457 | Orc:2    | Bought a scroll of blinking for 105 gold pieces
 21457 | Orc:2    | Bought a potion of curing for 42 gold pieces
 21548 | Orc:2    | Received a gift from Okawaru
 21566 | Orc:2    | Reached skill level 1 in Evocations
 22469 | Orc:2    | Found Qannytt's Antique Weapon Boutique.
 22469 | Orc:2    | Found Padirhybb's Book Shop.
 22470 | Orc:2    | Found a one-way gate leading to the halls of Pandemonium.
 22889 | D:12     | Received a gift from Okawaru
 23276 | D:12     | Reached skill level 17 in Ranged Weapons
 23646 | D:13     | Identified the +4 ring mail of Greater Demons {Str+3 Int+2
                  | Dex+4}
 23709 | D:13     | Found a gate to the Vaults.
 23782 | D:13     | Reached skill level 5 in Evocations
 23812 | D:13     | Noticed Jorgrun
 23920 | D:13     | Noticed Maurice
 23928 | D:13     | Killed Maurice
 24136 | D:13     | Found Olunotakk's Weapon Shoppe.
 24246 | D:13     | Killed Jorgrun
 24305 | D:14     | Reached XP level 17. HP: 106/130 MP: 0/0
 24305 | D:14     | Learned a level 7 spell: Dragon Form
 24346 | D:14     | Found a stormy altar of Qazlal.
 24363 | D:14     | Received a gift from Okawaru
 24580 | D:14     | Reached skill level 15 in Fighting
 24643 | D:14     | Found Terooteg's Armour Emporium.
 24807 | D:15     | Entered Level 15 of the Dungeon
 25075 | D:15     | Received a gift from Okawaru
 25148 | D:15     | Found a staircase to the Depths.
 26130 | Spider:1 | Entered Level 1 of the Spider Nest
 26130 | Spider:1 | Identified Roxanne's Precepts of Transmogrification
 26130 | Spider:1 | Noticed Roxanne
 26145 | Spider:1 | Killed Roxanne
 26309 | Spider:1 | Noticed Nikola
 26319 | Spider:1 | Killed Nikola
 26401 | Spider:1 | Noticed Azrael
 26416 | Spider:1 | Killed Azrael
 26448 | Spider:1 | Reached XP level 18. HP: 139/139 MP: 0/0
 27113 | Spider:2 | Received a gift from Okawaru
 27146 | Spider:2 | Noticed Louise
 27216 | Spider:2 | Killed Louise
 27334 | Spider:2 | Reached skill level 15 in Dodging
 27494 | Spider:2 | Identified the +6 broad axe "Guolanum" {vorpal, rN+ Will+}
 27941 | Spider:2 | Identified the +3 buckler of Okawaru's Supremacy {Str+3}
                  | (Okawaru gifted it to you on level 2 of the Spider Nest)
 27941 | Spider:2 | Received a gift from Okawaru
 28972 | Spider:4 | Entered Level 4 of the Spider Nest
 28990 | Spider:3 | Reached skill level 18 in Ranged Weapons
 29045 | Spider:3 | Reached XP level 19. HP: 127/149 MP: 0/0
 29045 | Spider:3 | Learned a level 7 spell: Monstrous Menagerie
 29386 | Shoals:1 | Entered Level 1 of the Shoals
 29958 | Shoals:2 | Received a gift from Okawaru
 30441 | Shoals:1 | Reached skill level 1 in Shields
 30528 | Shoals:2 | Noticed Ilsuiw
 30548 | Shoals:2 | Killed Ilsuiw
 30654 | Shoals:2 | Reached skill level 5 in Shields
 31077 | Shoals:3 | Received a gift from Okawaru
 31220 | Shoals:3 | Reached skill level 1 in Armour
 31374 | Shoals:3 | Noticed Aizul
 31382 | Shoals:3 | Killed Aizul
 31575 | Shoals:3 | Noticed Polyphemus
 31580 | Shoals:3 | Killed Polyphemus
 31580 | Shoals:3 | Received a gift from Okawaru
 31639 | Shoals:3 | Identified the +7 lajatang of the Eternal Warrior {protect,
                  | MP+9 Int+3 SInv}
 31734 | Shoals:4 | Entered Level 4 of the Shoals
 32024 | Shoals:4 | Reached skill level 5 in Armour
 32024 | Shoals:4 | Reached XP level 20. HP: 157/157 MP: 0/0
 32092 | Shoals:4 | Identified the +5 triple crossbow of Yjacvesu {penet, rElec
                  | Dex+2} (Okawaru gifted it to you on level 4 of the Shoals)
 32092 | Shoals:4 | Received a gift from Okawaru
 32616 | Shoals:4 | Got a barnacled rune of Zot
 33115 | Spider:4 | Received a gift from Okawaru
 33115 | Spider:4 | Found the +9 heavy crossbow "Sniper" {vorpal, Acc+∞ SInv}
 33317 | Spider:4 | Received a gift from Okawaru
 33319 | Spider:4 | Noticed Kirke
 33331 | Spider:4 | Killed Kirke
 33436 | Spider:4 | Got a gossamer rune of Zot
 33912 | Vaults:1 | Entered Level 1 of the Vaults
 34414 | Vaults:1 | Reached XP level 21. HP: 162/162 MP: 0/0
 34414 | Vaults:1 | Learned a level 8 spell: Maxwell's Capacitive Coupling
 34993 | Vaults:2 | Found Jeuwid's Jewellery Boutique.
 35019 | Vaults:2 | Received a gift from Okawaru
 35238 | Vaults:2 | Reached skill level 5 in Stealth
 35380 | Vaults:2 | You are sucked into a shaft and drop 2 floors!
 35624 | Vaults:4 | Received a gift from Okawaru
 36441 | Vaults:4 | Reached skill level 10 in Stealth
 36676 | Vaults:4 | Reached XP level 22. HP: 168/168 MP: 0/0
 37057 | Vaults:3 | Found a staircase to the Crypt.
 37057 | Vaults:3 | Found a basalt altar of Yredelemnul.
 37158 | Vaults:3 | Found Elich's General Store.
 37182 | Vaults:3 | Reached skill level 19 in Ranged Weapons
 37498 | Vaults:3 | Bought a scroll of acquirement for 1040 gold pieces
 37498 | Vaults:3 | Acquired 794 gold pieces
 37500 | Vaults:3 | Bought a potion of haste for 200 gold pieces
 37500 | Vaults:3 | Bought a potion of curing for 60 gold pieces
 37513 | Vaults:3 | Found a runed translucent gate.
 37513 | Vaults:3 | Found a runed translucent gate.
 37513 | Vaults:3 | Found a runed translucent gate.
 37513 | Vaults:3 | Noticed astronautguy's ghost (master FoEE)
 37540 | Vaults:3 | Found a huge runed gate.
 37540 | Vaults:3 | Found a huge runed gate.
 37540 | Vaults:3 | Found a huge runed gate.
 37543 | Vaults:3 | Found a huge runed gate.
 37544 | Vaults:3 | Found a huge runed gate.
 37544 | Vaults:3 | Found a huge runed gate.
 37544 | Vaults:3 | Found a huge runed gate.
 37544 | Vaults:3 | Found a huge runed gate.
 37545 | Vaults:3 | Found a huge runed gate.
 37545 | Vaults:3 | Found a huge runed gate.
 37545 | Vaults:3 | Found a huge runed gate.
 37545 | Vaults:3 | Found a huge runed gate.
 37545 | Vaults:3 | Found a huge runed gate.
 37546 | Vaults:3 | Found a huge runed gate.
 37547 | Vaults:3 | Found a huge runed gate.
 37548 | Vaults:3 | Found a huge runed gate.
 37549 | Vaults:3 | Found a huge runed gate.
 37558 | Vaults:3 | Found a huge runed gate.
 37558 | Vaults:3 | Found a huge runed gate.
 37558 | Vaults:3 | Found a huge runed gate.
 37558 | Vaults:3 | Found a huge runed gate.
 37558 | Vaults:3 | Found a huge runed gate.
 37558 | Vaults:3 | Found a huge runed gate.
 37559 | Vaults:3 | Found a huge runed gate.
 37560 | Vaults:3 | Found a huge runed gate.
 37561 | Vaults:3 | Found a huge runed gate.
 37569 | Vaults:3 | Found a huge runed gate.
 37569 | Vaults:3 | Found a huge runed gate.
 37569 | Vaults:3 | Found a huge runed gate.
 37569 | Vaults:3 | Found a huge runed gate.
 37569 | Vaults:3 | Found a portal to a secret trove of treasure.
 37569 | Vaults:3 | Found a huge runed gate.
 37569 | Vaults:3 | Found a huge runed gate.
 37570 | Vaults:3 | Found a huge runed gate.
 37571 | Vaults:3 | Found a huge runed gate.
 37596 | Vaults:3 | Received a gift from Okawaru
 37878 | Vaults:3 | Found a huge runed gate.
 37879 | Vaults:3 | Found a huge runed gate.
 38564 | Vaults:2 | Received a gift from Okawaru
 38571 | Vaults:2 | Reached skill level 20 in Ranged Weapons
 38598 | Vaults:2 | Found the +3 hat of Pondering {ponderous, Will+ MP+10
                  | Int+5}
 39055 | Slime:1  | Entered Level 1 of the Pits of Slime
 39095 | Slime:2  | Gained mutation: You occasionally lose the ability to drink
                  | potions when taking damage. [a shining eye]
 39096 | Slime:2  | Gained mutation: You sometimes lose the ability to drink
                  | potions when taking damage. [a shining eye]
 39098 | Slime:2  | Gained mutation: Your body sometimes deteriorates upon
                  | taking damage. [a shining eye]
 39663 | Slime:5  | Entered Level 5 of the Pits of Slime
 39684 | Slime:5  | Received a gift from Okawaru
 39818 | Slime:5  | Noticed the Royal Jelly
 39836 | Slime:5  | Killed the Royal Jelly
 39837 | Slime:5  | Reached XP level 23. HP: 40/175 MP: 0/0
 39837 | Slime:5  | Learned a level 7 spell: Orb of Destruction
 39863 | Slime:5  | Reached skill level 21 in Ranged Weapons
 40073 | Slime:5  | Identified the +1 ring mail of Ignis's Brutal Revenge
                  | {rElec rPois rF- SInv}
 40116 | Slime:5  | Got a slimy rune of Zot
 40119 | Slime:5  | Identified the ring "Gubleat" {rC+ rN+ Will+ Int+2}
 40152 | Slime:5  | Identified the +4 ring mail of Too Many Cooks {Dex+3}
 40164 | Slime:5  | Identified the +8 shortbow of the Apocalypse {speed, *Slow
                  | Fly Str+3}
 40193 | Slime:5  | Gained mutation: Potions are less effective at restoring
                  | your health. [a shining eye]
 40195 | Slime:5  | Gained mutation: You occasionally lose the ability to read
                  | scrolls when taking damage. [a shining eye]
 40254 | Lair:5   | Reached XP level 24. HP: 181/181 MP: 0/0
 40255 | Lair:5   | Lost mutation: Potions are less effective at restoring your
                  | health. [potion of mutation]
 40255 | Lair:5   | Lost mutation: Your body sometimes deteriorates upon taking
                  | damage. [potion of mutation]
 40255 | Lair:5   | Gained mutation: You are weak. (Str -2) [potion of
                  | mutation]
 40256 | Lair:5   | Lost mutation: You sometimes lose the ability to drink
                  | potions when taking damage. [potion of mutation]
 40256 | Lair:5   | Lost mutation: You occasionally lose the ability to read
                  | scrolls when taking damage. [potion of mutation]
 40256 | Lair:5   | Lost mutation: You occasionally lose the ability to drink
                  | potions when taking damage. [potion of mutation]
 40515 | Vaults:3 | You showed the slimy rune of Zot to enter a treasure trove
 40516 | Trove    | Entered a treasure trove
 40560 | Trove    | Identified the amulet of Xukletsout {Reflect *Slow Fly
                  | rPois SH+5}
 40562 | Trove    | Identified the amulet of Asmeodgh {Reflect -Tele rF+ rC+
                  | Will++ SH+5}
 40748 | Depths:1 | Entered Level 1 of the Depths
 40866 | Depths:1 | Identified the +9 crystal plate armour of Monotheism {rElec
                  | rF+ rCorr} (Okawaru gifted it to you on level 1 of the
                  | Depths)
 40866 | Depths:1 | Received a gift from Okawaru
 40995 | Depths:2 | Found Sakufut's Jewellery Shoppe.
 40997 | Depths:2 | Found Vunivum's Book Boutique.
 40999 | Depths:2 | Found Piys's Jewellery Shoppe.
 41150 | Depths:2 | Noticed Vv
 41187 | Depths:3 | Reached skill level 22 in Ranged Weapons
 41198 | Depths:3 | You are sucked into a shaft and drop 1 floor!
 41198 | Depths:4 | Entered Level 4 of the Depths
 41998 | Depths:3 | Noticed Grunn
 42011 | Arena    | Entered the Arena
 42012 | Arena    | Annihilated by Grunn

Illustrated notes

Levels and vault maps discovered:
D:1:      sevenhm_arrival_forest_fort_small_3, layout_rooms, serial_shops,
          nicolae_shop_crystal, nicolae_square_shop,
          nicolae_shop_advertising_works [nicolae_subvault_shop_adworks], shop,
          hellmonk_ecumenical_altar_prayer_group
D:2:      layout_loops_ring
D:3:      layout_loops_corners, st_stairs_6
D:4:      layout_rooms, marbit_many_paths, lemuel_round_altar,
          overflow_temple_1_default, tgw_xom
D:5:      layout_loops_cross, riverfiend_overflow_shadow_ancestor, zin_purify,
          nemelex_xobeh_ov_fountains_minmay, ebering_ghost_disaster_area,
          uniq_ijyb
D:6:      layout_loops_corners, minmay_between, uniq_menkaure
D:7:      layout_cave_pools, nicolae_overflow_hidden_temple,
          mainiacjoe_overflow_chevrons, minmay_temple_entry_antechambers,
          minmay_crystal_water, minmay_hollow_rounded_squares
D:8:      layout_cave_pools, tso_altar, serial_co_window_serial,
          co_window_paths_b, co_window_paths_a, co_window_corner_a,
          co_window_paths_b, co_window_paths_b, co_window_broadway_a,
          co_window_paths_c, co_window_broadway_b, co_window_paths_c,
          co_window_corner_ca, co_window_2corner, co_window_4corner_a,
          glass_columns_a, glass_columns_b, glass_columns_b, glass_columns_b,
          uniq_amaemon, uniq_maggie, uniq_prince_ribbit1
D:9:      layout_cave_pools, erik_lair_orcish_takeover, serial_column_ruins,
          column_ruins_hut_ruined, column_ruins_open_small,
          column_ruins_columns_corner, column_ruins_corridor_corner,
          column_ruins_open_tiny, column_ruins_columns_corner, hive_lemuel
D:10:     layout_loops_cross, erik_orc_4, muffindrake_ghost_dual_entry
D:11:     layout_small_grid
D:12:     layout_cave_pods
D:13:     layout_cave_pools, erik_vaults_1, serial_shops, kennysheep_little_box,
          minivault_26, kennysheep_small_circle, uniq_maurice, uniq_jorgrun
D:14:     layout_big_octagon, serial_shops, nicolae_shop_waterfront,
          nicolae_qazlal_general_emergency
D:15:     hangedman_depths_entry_civil_slaughter, layout_cave_pods,
          portal_ice_cave_entry_ice_statue_one, minmay_misc_feat_pillars
Lair:1:   layout_gridlike, minmay_stone_trees_medium
Lair:2:   layout_layer_cave, elwin_shoals_entry_stream, grunt_megastairs_3,
          uniq_urug
Lair:3:   layout_cave_pods, spider_nest_entry_web_field, grunt_megastairs_2,
          serial_bayou_shore_a
Lair:4:   layout_loops_ring, gammafunk_ghost_split, gauntlet_entry_generic
Lair:5:   hellmonk_lair_end_abyssal_woods, layout_layer_cave,
          minmay_slime_entry_oklob_open, basic_altar
Shoals:1: layout_shoals
Shoals:2: layout_shoals, st_sunken_huts, uniq_ilsuiw
Shoals:3: layout_shoals, uniq_polyphemus, uniq_aizul
Shoals:4: shoals_end_hangedman, layout_shoals, abandoned_shop
Spider:1: layout_spider_delve, uniq_azrael, uniq_nikola, uniq_roxanne
Spider:2: layout_spider_delve, special_room, dreamdust_wasp_nest, uniq_louise
Spider:3: layout_spider_delve
Spider:4: grunt_spider_rune_parallel, nicolae_spider_rock_and_or_roll,
          uniq_kirke
Slime:1:  layout_caves, amcnicky_altar_lugonu_corruption
Slime:2:  layout_caves
Slime:3:  layout_caves
Slime:4:  layout_caves, uniq_dissolution
Slime:5
Orc:1:    layout_diamond_mine, nooodl_orcs_dogs, uniq_fannar, uniq_harold,
          uniq_nergalle
Orc:2:    pf_orc_diabolical, layout_caves, nicolae_orc_stony_grotto,
          minmay_orc_temple_c
Vaults:1: vaults_room_semicircle, nicolae_vaults_angled_halls,
          vaults_room_ringed_pool, hangedman_vaults_locks, v_misc_9, v_misc_19,
          hangedman_vaults_snaps, nicolae_vaults_circle_grid_a,
          vaults_room_stairs_pillars, layout_vaults_omnigrid
Vaults:2: v_alt_pattern_6, nicolae_vaults_minivaults, nicolae_vaults_little_ls,
          vaults_room_fancy_cross, v_misc_15, nicolae_vaults_theta,
          vaults_mumra_hexcomb, hangedman_vaults_stagger,
          hangedman_vaults_stitches, v_misc_26, grunt_vaults_funnel,
          ontoclasm_vaults_misaligned, nicolae_vaults_little_squares_4,
          ontoclasm_vaults_loading_screen, vaults_dpeg_diagonal,
          nicolae_vaults_ring_of_whatevers, vaults_room_semicircle,
          layout_vaults_maze, serial_shops, shop
Vaults:3: gammafunk_ghost_spectres, vaults_mumra_chevron,
          vaults_mumra_minichess, v_misc_23, v_misc_4,
          minmay_crypt_entry_necro_gods, v_misc_33, door_vault, v_misc_1,
          ontoclasm_vaults_claustrophobia, vaults_dpeg_hooks,
          grunt_vaults_diagonal, serial_ice_b, layout_vaults_big_room,
          serial_shops, nicolae_shop_crystal, enter_trove_1, uniq_margery
Vaults:4: grunt_vaults_focal, ontoclasm_vaults_idyll, v_alt_pattern_4,
          dpeg_vaults_pockets_of_resistance, hangedman_vaults_stream,
          nicolae_vaults_hallways_thing, v_misc_29,
          nicolae_vaults_little_squares_4, vaults_room_fancy_cross, v_misc_31,
          vaults_mumra_chevron_long, ontoclasm_vaults_ligature,
          layout_vaults_big_cross
Depths:1: layout_gridville, enter_ziggurat_f, abyss_entry_small_statue_room,
          grunt_decor_clamped, hell_entry, drop_trap, minmay_gold_behind_fungi,
          nicolae_vehumet_altar_sigil
Depths:2: minmay_stepped, layout_gridlike, abyss_entry_crystal,
          grunt_pan_entry_sceptre, hell_entry, serial_shops,
          nicolae_shop_hallway_plus, infiniplex_staircase_zigzag_4,
          minmay_shop_grove, uniq_vv
Depths:3: dreamdust_hydra_shepherd, layout_honeycomb, serial_shops, shop_statue,
          minmay_stone_trees_small, abyss_entry, grunt_hell_entry_dis_mu,
          rand_demon_pan_entry_8, infiniplex_staircase_pool_1,
          serial_bayou_shore_b, uniq_grunn, uniq_frederick
Depths:4: evilmike_zot_entry_diamond, layout_gridlike, hellmouth_1,
          hangedman_abyss_entry_splay, grunt_gozag_statues, uniq_xtahua
Arena

Skill      XL: |  1  2  3  4  5  6  7  8  9 10 11 12 13 14 15 16 17 18 19 20 21 22 23 24 |
---------------+-------------------------------------------------------------------------+-----
Stealth        | 1 10 | 10.0
Ranged Weapons | 4 5 6 7 8 10 11 13 14 15 16 17 18 20 21 22 | 22.0
Fighting       | 3 4 5 6 8 9 10 12 13 14 16 17 18 | 18.1
Invocations    | 1 2 3 5 7 8 |  8.5
Dodging        | 3 5 8 9 11 12 14 16 18 19 | 19.1
Evocations     | 5 |  5.6
Shields        | 8 9 |  9.9
Armour         | 5 8 |  8.0

Action                   |  1- 3 |  4- 6 |  7- 9 | 10-12 | 13-15 | 16-18 | 19-21 | 22-24 || total
-------------------------+-------+-------+-------+-------+-------+-------+-------+-------++-------
Melee: Arbalest          |       |       |       |       |     1 |       |       |       ||     1
 Fire: Shortbow          |    89 |    94 |   271 |   688 |       |       |       |       ||  1142
       Arbalest          |       |       |       |    20 |   591 |  1113 |   118 |       ||  1842
       Triple crossbow   |       |       |       |       |       |    14 |       |   139 ||   153
       Hand crossbow     |       |       |       |       |       |       |   536 |       ||   536
       Heavy crossbow    |       |       |       |       |       |       |   316 |   437 ||   753
 Cast: Conjure Flame     |       |       |       |       |     1 |       |       |       ||     1
Invok: Heroism           |       |       |     8 |    18 |     5 |    17 |    13 |    13 ||    74
       Finesse           |       |       |       |     3 |     1 |     2 |     7 |     9 ||    22
       Duel              |       |       |       |       |       |       |       |     1 ||     1
Evoke: Wand              |       |     1 |     3 |    12 |       |     6 |       |       ||    22
       Phial of floods   |       |       |       |       |       |     2 |       |       ||     2
       Condenser vane    |       |       |       |       |       |     2 |     4 |     1 ||     7
  Use: Scroll            |     3 |     3 |     5 |    10 |     9 |    10 |     9 |    11 ||    60
       Potion            |       |     2 |     5 |     1 |     2 |     4 |     2 |     9 ||    25
Armor: Leather armour    |     8 |     6 |    26 |       |       |       |       |       ||    40
       Steam dragon scal |       |       |     1 |    14 |    26 |       |       |       ||    41
       Acid dragon scale |       |       |       |    80 |    78 |       |       |       ||   158
       Robe              |       |       |       |       |    13 |   127 |    36 |       ||   176
       Ring mail         |       |       |       |       |       |       |    53 |    73 ||   126
Dodge: Dodged            |    10 |    22 |   123 |   316 |   339 |   919 |   838 |   737 ||  3304
Block: Buckler           |       |       |       |       |       |       |   159 |       ||   159
       Other             |       |       |       |       |       |       |       |    38 ||    38
